 Dungeon Crawl Stone Soup version 0.24.0-13-gcf9b3192b9 (webtiles) character file.

Game seed: 15489764705002461109, levelgen mode: deterministic

6967 Ge0ff the Spear-Bearer (level 11, -12/84 HPs)
             Began as a Formicid Ice Elementalist on Nov 8, 2019.
             Was an Elder of Okawaru.
             Mangled by an orc knight
             ... wielding a +0 great mace
              (33 damage)
             ... in a bailey.
             The game lasted 00:21:19 (11799 turns).

Ge0ff the Spear-Bearer (Formicid Ice Elementalist) Turns: 11799, Time: 00:21:20

Health: -12/84     AC: 14    Str: 16    XL:     11   Next: 28%
Magic:  14/15      EV:  9    Int: 15    God:    Okawaru [****..]
Gold:   487        SH:  3    Dex: 17    Spells: 13/14 levels left

rFire    + . .     SeeInvis +   b - +9 hand crossbow "Sesamugi" {venom, rC+ Dex+6 Stlth-}
rCold    + . .     Gourm    .   (no shield)
rNeg     . . .     Faith    .   M - +0 plate armour
rPois    +         Spirit   .   (helmet unavailable)
rElec    .         Reflect  +   (no cloak)
rCorr    .         Harm     .   (no gloves)
MR       +....                  (no boots)
Stlth    ..........             S - +3 amulet of reflection
HPRegen  0.24/turn              R - ring of poison resistance {=R}
MPRegen  0.14/turn              I - ring of protection from fire

@: heroism
A: permanent stasis, dig shafts and tunnels, four strong arms, antennae 3
a: Dig, Shaft Self, Heroism, Renounce Religion


You were in a bailey.
You worshipped Okawaru.
Okawaru was greatly pleased with you.
You were hungry.

You visited 1 branch of the dungeon, and saw 10 of its levels.
You also visited: Bailey.

You collected 487 gold pieces.

Inventory:

Hand Weapons
 a - a +0 trident of venom
 b - the +9 hand crossbow "Sesamugi" (weapon) {venom, rC+ Dex+6 Stlth-}
   (You found it on level 9 of the Dungeon)

   It poisons the ammo it fires.
   It affects your dexterity (+6).
   It protects you from cold.
   It makes you less stealthy.
 t - a +1 halberd of electrocution
Missiles
 v - 40 boomerangs
 w - 88 bolts (quivered)
 y - 178 arrows
 N - 252 stones
 Q - 3 curare-tipped darts {=f}
 U - 123 sling bullets
Armour
 D - a +2 ring mail of magic resistance
 M - a +0 plate armour (worn)
 T - a +0 cloak
 Y - a +0 scale mail
Jewellery
 I - a ring of protection from fire (right hand)
 L - an uncursed ring of flight {unknown}
 P - an uncursed ring of stealth
 R - a ring of poison resistance (left hand) {=R}
 S - a +3 amulet of reflection (around neck)
Wands
 k - a wand of iceblast (9)
 p - a wand of paralysis (2)
 s - a wand of disintegration (4)
 x - a wand of random effects (17)
Scrolls
 A - a scroll of acquirement {unknown}
 C - 5 scrolls of remove curse
 E - a scroll of enchant armour {unknown}
 F - 4 scrolls of fog
 H - a scroll of amnesia {unknown}
 V - 2 scrolls of enchant weapon
Potions
 o - a potion of mutation {unknown}
 q - 4 potions of curing
 z - 2 potions of brilliance
 B - a potion of berserk rage {!q}
 G - a potion of agility {unknown}
 J - a potion of ambrosia {unknown}
 K - a potion of magic {unknown}
 W - 4 potions of heal wounds {!q}
 X - 3 potions of flight
 Z - a potion of degeneration {unknown}
Miscellaneous
 O - a box of beasts
Comestibles
 r - 7 rations
 u - a chunk of flesh


   Skills:
 - Level 7.2(12.2) Fighting
 - Level 10.3(15.3) Polearms
 + Level 6.8(11.8) Crossbows
 - Level 4.3(9.3) Armour
 - Level 3.1(8.1) Dodging
 - Level 2.4(7.4) Stealth
 - Level 2.1 Spellcasting
   Level 0.8 Conjurations
 - Level 3.0 Ice Magic
 - Level 5.0 Invocations
 - Level 6.1 Evocations


You had 13 spell levels left.
You knew the following spells:

 Your Spells              Type           Power        Failure   Level  Hunger
k - Freeze                Ice            ##..         91%         1    #......

Your spell library contained the following spells:

 Spells                   Type           Power        Failure   Level  Hunger
 Magic Dart               Conj           #...         99%         1    #......
 Shock                    Conj/Air       #...         99%         1    #......
 Throw Frost              Conj/Ice       #.....       99%         2    ###....
 Animate Skeleton         Necr           N/A          100%        1    #......
 Apportation              Tloc           #.....       100%        1    #......
 Confusing Touch          Hex            #.....       100%        1    #......
 Summon Small Mammal      Summ           #...         100%        1    #......
 Call Imp                 Summ           #.......     100%        2    ###....
 Slow                     Hex            #.......     100%        2    ###....
 Conjure Flame            Conj/Fire      #.......     100%        3    ###....
 Mephitic Cloud           Conj/Pois/Air  #.......     100%        3    ###....
 Ozocubu's Armour         Chrm/Ice       #.......     100%        3    ###....
 Summon Ice Beast         Ice/Summ       #.......     100%        4    #####..
 Throw Icicle             Conj/Ice       #.......     100%        4    #####..
 Blink                    Tloc           Unusable     N/A         2    N/A

Dungeon Overview and Level Annotations

Branches:
Dungeon (10/15)            Temple (0/1) D:4          Bailey (1/1)
   Lair: D:8-11         Orc: D:9-12

Altars:
Ashenzari
Gozag
Hepliaklqana
Makhleb
Okawaru
Qazlal
Ru
Sif Muna
Uskayaw
Vehumet
Wu Jian
Xom
Zin

Shops:
D:6 (   D:9 %


Innate Abilities, Weirdness & Mutations

You cannot be hasted, slowed, berserked, paralysed or teleported.
You can dig through walls and to a lower floor.
Your four strong arms can wield two-handed weapons with a shield.
You have a pair of large antennae on your head. (SInv)


Message History

The orc knight is moderately wounded.
The orc knight hits you with a +0 great mace!
The gnoll hits you but does no damage.
You are too injured to fight recklessly!
Evoke which item? (* to show all) (? for menu, Esc to quit)
Aiming: Paralyse
Press: ? - help, Shift-Dir - straight line, f/p - orc knight
Aim: an orc knight, wielding a +0 great mace and wearing a +0 plate armour (moderately wounded, berserk, fast, unusually strong, poisoned, chance to defeat MR: 47%)
The orc knight resists with some effort.
The orc knight hits you with a +0 great mace!!
* * * LOW HITPOINT WARNING * * *
You block the gnoll's attack.
Evoke which item? (* to show all) (? for menu, Esc to quit)
Aiming: Paralyse
Press: ? - help, Shift-Dir - straight line, f/p - orc knight
Aim: an orc knight, wielding a +0 great mace and wearing a +0 plate armour (moderately wounded, berserk, fast, unusually strong, poisoned, chance to defeat MR: 47%)
The orc knight resists with some effort.
The orc knight barely misses you.
The orc knight hits you with a +0 great mace!!
You die...

#.###.#
#.#g#
##'##'##'#
#{ '##'
##.)...#
...#
###..)..###
....#
#.'..⌠..'.#
{.⌠..'
###.....###


gKg. #.....## #gg{ #'##'##'###o# #.# #.###.'@# ## ### ##### You could see an orc
knight (berserk), 2 gnolls, 2 hobgoblins and a kobold.

Vanquished Creatures
  A two-headed ogre (D:9)
  Maurice (D:9)
  A gargoyle (D:8)
  Psyche (D:9)
  A queen bee (D:10)
  A troll (D:9)
  A hippogriff (D:6)
  A sky beast (D:7)
  2 orc warriors
  2 black bears (D:9)
  A necrophage (D:10)
  A phantom (D:9)
  A hornet zombie (D:9)
  2 eyes of draining (D:9)
  7 ogres
  4 centaurs
  A crocodile (D:9)
  A bullfrog (D:8)
  27 killer bees
  2 scorpions
  An electric eel (D:6)
  A bullfrog zombie (D:6)
  2 crimson imps
  A centaur skeleton (D:5)
  5 hounds
  6 jellies
  5 orc priests
  12 orc wizards
  Ijyb (D:5)
  3 iguanas
  6 worker ants
  14 gnolls
  A howler monkey skeleton (D:8)
  10 adders
  A shadow imp (D:5)
  2 oozes (D:2)
  2 adder zombies (D:9)
  2 adder skeletons (D:4)
  2 dart slugs (D:1)
  5 leopard geckos
  19 orcs
  2 ball pythons
  9 bats
  7 giant cockroaches
  4 goblins
  11 hobgoblins
  2 jackals (D:7)
  2 quokkas
  6 frilled lizards
  13 kobolds
  A leopard gecko skeleton (D:4)
  A leopard gecko zombie (D:5)
  10 rats
228 creatures vanquished.

Notes
Turn   | Place    | Note
-------+----------+-------------------------------------------
     0 | D:1      | Ge0ff the Formicid Ice Elementalist began the quest for the
                  | Orb.
     0 | D:1      | Reached XP level 1. HP: 13/13 MP: 3/3
    73 | D:1      | Reached skill level 1 in Fighting
    76 | D:1      | Reached XP level 2. HP: 21/21 MP: 1/5
    84 | D:1      | Reached skill level 1 in Polearms
   814 | D:1      | Reached XP level 3. HP: 23/26 MP: 6/6
   954 | D:1      | You fall into a shaft and drop 1 floor!
  1225 | D:1      | Reached skill level 2 in Polearms
  1773 | D:2      | Reached XP level 4. HP: 32/33 MP: 7/7
  2194 | D:3      | Reached skill level 3 in Polearms
  2215 | D:2      | Reached XP level 5. HP: 20/39 MP: 3/8
  2581 | D:3      | Found an iron altar of Okawaru.
  2589 | D:3      | Became a worshipper of Warmaster Okawaru
  2674 | D:3      | Reached skill level 4 in Polearms
  2918 | D:3      | Found a burning altar of Makhleb.
  2920 | D:3      | Found a radiant altar of Vehumet.
  2923 | D:3      | Found a hazy altar of Hepliaklqana.
  2924 | D:3      | Found a stormy altar of Qazlal.
  2924 | D:3      | Found a shimmering altar of Xom.
  2924 | D:3      | Found an opulent altar of Gozag.
  2924 | D:3      | Found a glowing silver altar of Zin.
  2925 | D:3      | Found a hide-covered altar of Uskayaw.
  2929 | D:3      | Found a sacrificial altar of Ru.
  3277 | D:4      | Reached XP level 6. HP: 40/46 MP: 9/9
  3475 | D:4      | Found a staircase to the Ecumenical Temple.
  3512 | D:4      | Reached skill level 5 in Polearms
  3863 | D:4      | You fall into a shaft and drop 2 floors!
  3865 | D:6      | Found a shattered altar of Ashenzari.
  3925 | D:5      | Entered Level 5 of the Dungeon
  3939 | D:5      | Noticed Ijyb
  3950 | D:5      | Killed Ijyb
  4167 | D:5      | Reached XP level 7. HP: 45/51 MP: 10/10
  4217 | D:5      | Reached skill level 1 in Armour
  4217 | D:5      | Reached skill level 1 in Evocations
  4283 | D:5      | Reached * piety under Okawaru
  4283 | D:5      | Reached skill level 6 in Polearms
  5008 | D:4      | Reached XP level 8. HP: 58/60 MP: 11/11
  5366 | D:5      | Reached skill level 1 in Invocations
  5784 | D:6      | Found Jerossua's Antique Weapon Emporium.
  6158 | D:6      | Reached skill level 7 in Polearms
  6188 | D:6      | Found a shimmering blue altar of Sif Muna.
  6213 | D:6      | Identified Sif Muna's Compendium of Feathers
  6250 | D:6      | Found an ornate altar of the Wu Jian Council.
  6408 | D:6      | Noticed a hippogriff
  6421 | D:6      | Killed a hippogriff
  6421 | D:6      | Reached ** piety under Okawaru
  6421 | D:6      | Reached XP level 9. HP: 60/67 MP: 10/12
  6543 | D:6      | Reached skill level 5 in Fighting
  6754 | D:7      | Reached skill level 8 in Polearms
  7188 | D:7      | Found a sacrificial altar of Ru.
  8376 | D:8      | Reached *** piety under Okawaru
  8460 | D:8      | Noticed a gargoyle
  8465 | D:8      | Reached skill level 5 in Invocations
  8474 | D:8      | Killed a gargoyle
  8474 | D:8      | Reached skill level 9 in Polearms
  8474 | D:8      | Reached skill level 5 in Evocations
  8474 | D:8      | Reached XP level 10. HP: 76/76 MP: 11/13
  9000 | D:8      | Got a steaming leather armour
  9283 | D:9      | Noticed Psyche
  9284 | D:9      | Noticed a two-headed ogre
  9289 | D:9      | Killed Psyche
  9417 | D:9      | Found Norad's Food Boutique.
  9904 | D:9      | Got a smoking hand crossbow
  9905 | D:9      | Identified the +9 hand crossbow "Sesamugi" {venom, rC+
                  | Dex+6 Stlth-} (You found it on level 9 of the Dungeon)
 10135 | D:9      | Killed a two-headed ogre
 10135 | D:9      | Reached **** piety under Okawaru
 10135 | D:9      | Reached skill level 10 in Polearms
 10555 | D:9      | Reached skill level 1 in Crossbows
 10845 | D:9      | Noticed Maurice
 10851 | D:9      | Killed Maurice
 10880 | D:9      | Reached XP level 11. HP: 82/84 MP: 15/15
 11313 | D:10     | Entered Level 10 of the Dungeon
 11339 | D:10     | Reached skill level 5 in Crossbows
 11347 | D:10     | Received a gift from Okawaru
 11486 | D:10     | Found a flagged portal.
 11498 | Bailey   | Entered a bailey
 11788 | Bailey   | Noticed an orc knight
 11799 | Bailey   | Mangled by an orc knight

Levels and vault maps discovered:
D:1:      mrwooster_arrival_statue_3, layout_basic
D:2:      layout_basic
D:3:      layout_rooms, minitemple, okawaru_gym_becter,
          kennysheep_decorative_pillar
D:4:      layout_basic, minmay_temple_entry_overgrown, minivault_1
D:5:      layout_basic, first_ration, minmay_misc_feat_doors, uniq_ijyb
D:6:      layout_rooms, kennysheep_little_box, ashenzari_altar_1, led_sif_book,
          serial_shops, shop, kennysheep_generic_room_8
D:7:      layout_gridville, nicolae_ru_great_annihilating_truth
D:8:      layout_loops_cross
D:9:      layout_irregular_city, serial_shops, nicolae_shop_stone, uniq_psyche,
          uniq_maurice
D:10:     layout_loops_corners, enter_bailey_2, david_nohive_1,
          nicolae_water_bricks, chequers_serial_rivers_small_3
Bailey:   bailey_axe_2, bailey

Skill      XL: |  1  2  3  4  5  6  7  8  9 10 11 |
---------------+----------------------------------+-----
Fighting       | 1 2 3 4 6 7 |  7.2
Polearms       | 1 2 3 4 5 6 7 9 10 | 10.3
Armour         | 2 3 4 |  4.3
Evocations     | 2 3 5 6 |  6.1
Invocations    | 3 5 |  5.0
Dodging        | 3 |  3.1
Crossbows      | 3 6 |  6.8
Stealth        | |  2.4
Spellcasting   | |  2.1
Conjurations   | |  0.8
Ice Magic      | |  3.0

Action                   |  1- 3 |  4- 6 |  7- 9 | 10-12 || total
-------------------------+-------+-------+-------+-------++-------
Melee: Spear             |    87 |   170 |    65 |       ||   322
       Trident           |       |       |   292 |   189 ||   481
       Unarmed           |       |       |    10 |       ||    10
 Fire: Hand crossbow     |       |       |       |    99 ||    99
Throw: Stone             |     1 |     7 |     1 |       ||     9
       Dart              |       |     4 |    12 |     4 ||    20
 Cast: Freeze            |    15 |    34 |    12 |       ||    61
Invok: Heroism           |       |       |     9 |     6 ||    15
 Abil: Dig               |       |       |     4 |     1 ||     5
Evoke: Wand              |       |       |     4 |    10 ||    14
  Use: Scroll            |     4 |     5 |       |     7 ||    16
       Potion            |       |       |     2 |     1 ||     3
 Stab: Sleeping          |     4 |     2 |       |       ||     6
       Paralysed         |       |       |     1 |     3 ||     4
  Eat: Chunk             |     3 |     4 |     6 |     6 ||    19
       Ration            |       |     2 |     2 |     1 ||     5
Armor: Robe              |    10 |       |       |       ||    10
       Ring mail         |    27 |    51 |    15 |       ||    93
       Plate armour      |       |       |   141 |   118 ||   259
       Skin              |       |       |    34 |     2 ||    36
Dodge: Dodged            |    42 |    84 |    85 |    89 ||   300
Block: Other             |       |    18 |    40 |    21 ||    79

Levels and vault maps discovered:
D:1:      mrwooster_arrival_statue_3, layout_basic
D:2:      layout_basic
D:3:      layout_rooms, minitemple, okawaru_gym_becter,
          kennysheep_decorative_pillar
D:4:      layout_basic, minmay_temple_entry_overgrown, minivault_1
D:5:      layout_basic, first_ration, minmay_misc_feat_doors, uniq_ijyb
D:6:      layout_rooms, kennysheep_little_box, ashenzari_altar_1, led_sif_book,
          serial_shops, shop, kennysheep_generic_room_8
D:7:      layout_gridville, nicolae_ru_great_annihilating_truth
D:8:      layout_loops_cross
D:9:      layout_irregular_city, serial_shops, nicolae_shop_stone, uniq_psyche,
          uniq_maurice
D:10:     layout_loops_corners, enter_bailey_2, david_nohive_1,
          nicolae_water_bricks, chequers_serial_rivers_small_3
Bailey:   bailey_axe_2, bailey
